cohdb
Replays
Latest Replays
All Replays
Popular Replays
Top Player Replays
Match Explorer
How It Works
Community
CoH3 Stats
Reddit
Sign in to upload your games and track your stats! →
Sign in with Steam
Match 42660247
Unlisted
Match 42660247
Overview
Messages
Build Orders
End
Panzergrenadier Squad
250 Light Carrier
Construct Light Support Kompanie
MG34 Team
Combat Half-tracks
Assault Grenadier Squad
Selects Italian Infantry
Panzerjäger Mechanized Group
Selects Guastatori Squad
Guastatori Squad
2.5-tonne Medical Truck
Selects Registered Artillery
Fire Support Elements
Pak 38 Anti-tank Gun Team
Construct Panzerarmee Kommand
Selects Defensive Operations
Panzer III L Medium Tank
Selects Prepared Positions
Flak 36 Anti-tank Gun Team
Armored Reserves
Panzer IV Assault Group
Selects Obice 305mm Barrage
Valentine
Hold The Line!
crip walking barrage
Porygon
0
0
Comments
sign in to comment!
No comments posted yet!